 Dungeon Crawl Stone Soup version 0.18.1-48-g4cf74bf (webtiles) character file.

56 Madrawn the Changer (level 3, -2/23 HPs)
             Began as a High Elf Transmuter on July 12, 2016.
             Slain by a worm (9 damage)
             ... on level 2 of the Dungeon.
             The game lasted 00:24:23 (1431 turns).

Madrawn the Changer (High Elf Transmuter)           Turns: 1431, Time: 00:24:23

Health: -2/23      AC:  9    Str:  9    XL:     3   Next: 71%
Magic:  6/8        EV: 11    Int: 17    God:
Gold:   125        SH:  0    Dex: 16    Spells: 2 memorised, 4 levels left

rFire  . . .     SeeInvis .     t - +0 rapier
rCold  . . .     Gourm    .     j - +0 ring mail
rNeg   . . .     Faith    .     (no shield)
rPois  .         Spirit   .     (no helmet)
rElec  .         Dismiss  .     (no cloak)
rCorr  .         Reflect  .     u - +0 pair of gloves
SustAt .         Harm     .     f - +2 pair of boots
MR     .....                    (no amulet)
Stlth  +.........               (no ring)
                                (no ring)

@: not resistant to hostile enchantments, very unstealthy
A: no striking features
a: no special abilities


You were on level 2 of the Dungeon.
You were not hungry.

You visited 1 branch of the dungeon, and saw 2 of its levels.

You collected 125 gold pieces.

Inventory:

Hand Weapons
 h - a +0 dagger
 p - a +0 dagger
 q - a +0 dagger
 t - a +0 rapier (weapon)
 v - a +0 short sword
 y - a +0 whip
Missiles
 a - 10 arrows
 i - 34 poisoned needles
Armour
 b - a +0 robe
 f - a +2 pair of boots (worn)
 j - a +0 ring mail (worn)
 u - a +0 pair of gloves (worn)
Jewellery
 w - an uncursed ring of wizardry {unknown}
 A - an uncursed ring of positive energy {unknown}
Scrolls
 m - a scroll of blinking {unknown}
 r - a scroll of noise {unknown}
 s - a scroll of amnesia {unknown}
 x - a scroll of immolation {unknown}
Potions
 e - a potion of invisibility {unknown}
 g - a potion of magic {unknown}
 l - a potion of degeneration {unknown}
 n - a potion of resistance {unknown}
Books
 c - a book of Changes

   Spells                             Type                      Level
   a - Beastly Appendage              Transmutation                1
   b - Sticks to Snakes               Transmutation                2
   c - Spider Form                    Transmutation/Poison         3
   d - Ice Form                       Ice/Transmutation            4
   e - Blade Hands                    Transmutation                5
Comestibles
 d - 3 bread rations
 k - a meat ration
 o - a royal jelly
 z - a chunk of flesh


   Skills:
 + Level 1.4 Fighting
 + Level 0.5 Short Blades
 + Level 2.5 Dodging
 + Level 0.2 Stealth
 + Level 2.8 Unarmed Combat
 + Level 2.8 Spellcasting
 * Level 3.1 Transmutations


You had 4 spell levels left.
You knew the following spells:

 Your Spells              Type           Power        Failure   Level  Hunger
a - Beastly Appendage     Trmt           ##....       17%         1    #......
b - Sticks to Snakes      Trmt           ##......     24%         2    ##.....


Dungeon Overview and Level Annotations

Branches:
Dungeon (2/15)

Altars:


Message History

You hit the worm but do no damage.
The worm is moderately wounded.
The worm bites you but does no damage.
You hit the worm.
The worm is heavily wounded.
You hit the worm.
The worm is severely wounded.
The worm barely misses you.
You hit the worm but do no damage.
The worm is heavily wounded.
The worm barely misses you.
You hit the worm.
The worm is almost dead.
The worm bites you!
You hit the worm.
The worm is almost dead.
Casting: Beastly Appendage
Confirm with . or Enter, or press ? or * to list all spells.
You create a snake!
You now have 10 arrows.
The worm bites you!
You die...

#.# #.#
#.# #.#
##### #.#
..... #.#
#### #.#
####.##
#.@S..#
#w##.## #.
###
####### #.
#...... #.
#.##### #.
#.# #. #.#
#. ##.##
####...###


You could see a worm and a friendly ball python.

Vanquished Creatures
  A worm (D:2)
  A dart slug (D:1)
  A ball python (D:1)
  5 giant cockroaches
  7 goblins (D:1)
  3 hobgoblins (D:1)
  3 jackals (D:1)
  2 quokkas (D:2)
  9 bats
  2 giant newts (D:1)
  7 kobolds
  4 rats
45 creatures vanquished.

Notes
Turn   | Place    | Note
--------------------------------------------------------------
     0 | D:1      | Madrawn the High Elf Transmuter began the quest for the Orb.
     0 | D:1      | Reached XP level 1. HP: 13/13 MP: 4/4
   111 | D:1      | Reached XP level 2. HP: 3/18 MP: 6/6
   651 | D:1      | Reached XP level 3. HP: 18/23 MP: 8/8
   741 | D:1      | Learned a level 2 spell: Sticks to Snakes
  1352 | D:2      | Reached skill level 3 in Transmutations
  1431 | D:2      | Slain by a worm

Skill      XL: |  1  2  3 |
---------------+----------+-----
Transmutations | 3 |  3.1
Fighting       | |  1.4
Short Blades   | |  0.5
Dodging        | |  2.5
Stealth        | |  0.2
Unarmed Combat | |  2.8
Spellcasting   | |  2.8

Action                   || total
-------------------------++-------
Melee: Unarmed           ||    31
       Kick              ||     4
       Dagger            ||   115
       Headbutt          ||    14
       Rapier            ||    43
 Cast: Beastly Appendage ||    18
       Sticks to Snakes  ||     2
  Eat: Chunk             ||     2
Armor: Robe              ||     9
       Ring mail         ||    64
Dodge: Dodged            ||   140
